cohdb
Replays
Latest Replays
All Replays
Popular Replays
Top Player Replays
Match Explorer
How It Works
Community
CoH3 Stats
Reddit
Sign in to upload your games and track your stats! →
Sign in with Steam
Match 37944145
Unlisted
Match 37944145
Overview
Messages
Build Orders
End
Construct Section Command Post
ML 3-inch Mortar Team
Selects Indian Artillery Battlegroup
ML 3-inch Mortar Team
Infantry Section
Infantry Section
Construct Platoon Command Post
Selects Towed ML 4.2-inch Heavy Mortar
Team Weapon Training
Towed ML 4.2-inch Heavy Mortar
Grenade Package
Selects War Cry
Infantry Section
6-pounder Anti-tank Gun Team
Construct Company Command Post
Selects Gurkha Rifles Section
6-pounder Anti-tank Gun Team
Unlock M3 Grant Medium Tanks
Infantry Section
Burnt_Steak
kurkipotku
Clever Hans
咨爾多士_為民先鋒
Kurai
I Dindu Nuffin
CPU - VERY EASY
Marcus Edward
0
0
Comments
sign in to comment!
No comments posted yet!